 Dungeon Crawl Stone Soup version 0.27.1-34-g3ba077fa99 (webtiles) character file.

Game seed: 14949874279486661904

26 belegose the Charlatan (level 2, 0/21 HPs)
             Began as a Mummy Artificer on Jan 9, 2022.
             Slain by an adder (4 damage)
             ... on level 2 of the Dungeon.
             The game lasted 00:03:25 (2791 turns).

belegose the Charlatan (Mummy Artificer)            Turns: 2791, Time: 00:03:26

Health: 0/21       AC:  3    Str: 15    XL:     2   Next: 89%
Magic:  2/2        EV: 11    Int: 10    God:
Gold:   47         SH:  0    Dex: 12    Spells: 1/1 levels left

rFire    x . .     SeeInvis .   l - +0 mace
rCold    + . .     Faith    .   (no shield)
rNeg     + + +     Spirit   .   b - +0 leather armour
rPois    ∞         Reflect  .   (no helmet)
rElec    .         Harm     .   (no cloak)
rCorr    .         Rampage  .   (no gloves)
Will     .....                  (no boots)
Stlth    +.........             (no amulet)
HPRegen  0.07/turn              (no ring)
MPRegen  0.08/turn              (no ring)

@: no status effects
A: cold resistance 1, negative energy resistance 3, torment resistance 2, heat
vulnerability 1, no potions
a: no special abilities


You were on level 2 of the Dungeon.
You visited 1 branch of the dungeon, and saw 2 of its levels.

You collected 47 gold pieces.

Inventory:

Hand Weapons
 i - a +0 short sword
 l - a +0 mace (weapon)
Missiles
 g - 3 stones
 h - a throwing net
Armour
 b - a +0 leather armour (worn)
Jewellery
 f - a ring of fire
Wands
 c - a wand of flame (13) (quivered)
 d - a wand of charming (15)
Scrolls
 a - a scroll of magic mapping {unknown}
 j - a scroll of enchant weapon {unknown}
 k - 2 scrolls of amnesia {unknown}
Miscellaneous
 e - a piece from Xom's chessboard (15/15)


   Skills:
 + Level 1.5 Fighting
 + Level 0.0 Maces & Flails
 - Level 1.5 Armour
 + Level 1.2 Dodging
 + Level 1.3 Stealth
 + Level 2.7 Evocations


You had one spell level left.
You didn't know any spells.
Your spell library was empty.

Dungeon Overview and Level Annotations

Branches:
Dungeon (2/15)

Altars:


Innate Abilities, Weirdness & Mutations

You are immune to poison.
Your flesh is cold resistant. (rC+)
You are immune to negative energy. (rN+++)
You are immune to unholy pain and torment.
You are vulnerable to heat. (rF-)
You do not drink.


Message History

A frilled lizard comes into view.
The adder closely misses you.
You see here a frilled lizard corpse.
The adder closely misses you.
You sock the adder!
The adder is severely wounded.
The adder barely misses you. The adder bites you.
You closely miss the adder.
The adder is severely wounded.
The adder bites you. The adder bites you but does no damage.
You miss the adder.
The adder is severely wounded.
The adder bites you but does no damage. x2
You barely miss the adder.
The adder is severely wounded.
The adder bites you.
You barely miss the adder.
The adder is severely wounded.
The adder closely misses you. The adder bites you.
You miss the adder.
The adder is severely wounded.
The adder bites you. x2
You completely miss the adder.
The adder is severely wounded.
The adder barely misses you. x2
You barely miss the adder.
The adder is severely wounded.
The adder barely misses you. The adder bites you.
You closely miss the adder.
The adder is severely wounded.
The adder bites you.
* * * LOW HITPOINT WARNING * * *
The adder closely misses you.
Aiming: Throw Flame
Press: ? - help, Shift-Dir - straight line, f - adder
Aim: an adder (severely wounded, 53% to hit)
The puff of flame misses the adder.
The puff of flame misses the frilled lizard.
The adder bites you.
You die...

.# ######.# #.# .# #.# #.# .#
#.# #.# .# #.# #.# .# #####
#####.# #.# .#####...####
#.....# #.# .. ....#....#
#.##### #.# .# ###...##.# #<#
#.# $# #...#..#.# #@# #.#
#....#.####S############.#
##.#..l.†..l.............#
.................##############
.#.##.#.###.###### #.#.# #.# l
..# #.# ...... ..# ##....# ###


You could see an adder and a frilled lizard.

Vanquished Creatures
  A dart slug (D:1)
  2 bats (D:1)
  An endoplasm (D:1)
  2 giant cockroaches (D:1)
  2 goblins (D:1)
  3 hobgoblins (D:1)
  4 ball pythons (D:1)
  2 frilled lizards
  2 kobolds (D:1)
  3 rats
22 creatures vanquished.

Notes
Turn   | Place    | Note
-------+----------+-------------------------------------------
     0 | D:1      | belegose the Mummy Artificer began the quest for the Orb.
     0 | D:1      | Reached XP level 1. HP: 15/15 MP: 1/1
   331 | D:1      | Reached skill level 1 in Stealth
   532 | D:1      | Reached skill level 1 in Dodging
   553 | D:1      | Reached XP level 2. HP: 10/21 MP: 2/2
  2791 | D:2      | Slain by an adder

Illustrated notes

Levels and vault maps discovered:
D:1:      dpeg_arrival_tiny_j, layout_basic, chequers_serial_rivers_marsh,
          st_stairs_8, hangedman_feature_mirror
D:2:      layout_loops_ring

Skill      XL: |  1 |
---------------+----+-----
Stealth        | 1 |  1.3
Dodging        | 1 |  1.2
Fighting       | |  1.5
Armour         | |  1.5
Evocations     | |  2.7

Action                   || total
-------------------------++-------
Melee: Club              ||    55
       Short sword       ||    44
       Mace              ||    15
Evoke: Wand              ||     2
 Stab: Sleeping          ||     2
Armor: Leather armour    ||    30
Dodge: Dodged            ||    86
